 Dungeon Crawl Stone Soup version 0.30.0-19-g36f170ea60 (webtiles) character file.

Game seed: 11142719869756292349

105 cheesebisquit the Insei (level 4, -7/33 HPs)
             Began as a Merfolk Transmuter on May 27, 2023.
             Killed from afar by Ijyb (20 damage)
             ... with a bolt of acid
             ... on level 3 of the Dungeon.
             The game lasted 00:07:31 (2387 turns).

cheesebisquit the Insei (Merfolk Transmuter)        Turns: 2387, Time: 00:07:31

Health: -7/33      AC:  2    Str: 10    XL:     4   Next: 81%
Magic:  6/7        EV: 13    Int: 14    God:
Gold:   98         SH:  0    Dex: 14    Spells: 2/8 levels left

rFire   . .          .
                       - Unarmed
rCold   . . .        (no shield)
rNeg    . . .        a - +0 robe
rPois   .            (helmet currently unavailable)
rElec   .            (no cloak)
rCorr   .            (no gloves)
SInv    .            (boots currently unavailable)
Will    .....        k - amulet of the acrobat
Stlth   ++           (no ring)
HPRegen 0.25/turn    (no ring)
MPRegen 0.10/turn

%: acrobat
@: appendages (expiring)
A: horns 2, (nimble swimmer 2), mertail
a: End Transformation


You were on level 3 of the Dungeon.
You had temporarily grown beastly horns.
You visited 1 branch of the dungeon, and saw 3 of its levels.

You collected 98 gold pieces.

Inventory:

Armour
 a - a +0 robe (worn)
Jewellery
 k - an amulet of the acrobat (around neck)
Scrolls
 d - 2 scrolls of fear {unknown}
 e - a scroll of identify {unknown}
 f - 2 scrolls of magic mapping {unknown}
 i - a scroll of amnesia {unknown}
 j - a scroll of teleportation {unknown}
 l - 5 scrolls of fog {unknown}
Potions
 b - a potion of lignification
 c - a potion of heal wounds {unknown}
 g - 2 potions of curing
 h - a potion of degeneration {unknown}
 m - a potion of might {unknown}


   Skills:
 + Level 2.2 Fighting
 + Level 3.6 Dodging
 + Level 1.7 Stealth
 + Level 3.7 Unarmed Combat
 + Level 2.5 Spellcasting
 + Level 3.5 Transmutations


You had 2 spell levels left.
You knew the following spells:

 Your Spells              Type           Power      Damage    Failure   Level
a - Beastly Appendage     Tmut           22%        N/A       5%          1
b - Wereblood             Tmut           11%        N/A       8%          2
c - Spider Form           Tmut/Pois      6%         N/A       32%         3

Your spell library contained the following spells:

 Spells                   Type           Power      Damage    Failure   Level
 Ice Form                 Ice/Tmut       6%         N/A       73%         4
 Olgreb's Toxic Radiance  Pois           1%         N/A       92%         4
 Discord                  Hex            0%         N/A       100%        8
 Ignition                 Fire           0%         3d3       100%        8


Dungeon Overview and Level Annotations

Branches:
Dungeon (3/15)

Altars:

Annotations:
D:3 1 runed translucent door, Ijyb


Innate Abilities, Weirdness & Mutations

You have temporarily grown beastly horns.
((You are very nimble when in or above water. (Stealth+, EV+, Speed+++)))
Your lower body shifts to a powerful aquatic tail in water.


Message History

You hit the gnoll but do no damage. The gnoll hits you with a +0 halberd.
You hit the gnoll. Your headbutt misses the gnoll.
The gnoll is lightly wounded.
The gnoll barely misses you.
You hit the gnoll.
The gnoll is heavily wounded.
The gnoll closely misses you.
You hit the gnoll. You headbutt the gnoll.
You kill the gnoll!
Your transformation is almost over.
Your horns disappear.
You see here a +0 halberd.
Ijyb the Twisted Goblin comes into view.
She is wielding a +0 club and carrying a wand of acid (5).
You grow a pair of large bovine horns.
Ijyb hits you with a +0 club.
You closely miss Ijyb. You barely miss Ijyb. Ijyb misses you.
You hit Ijyb but do no damage. You headbutt Ijyb.
Ijyb is lightly wounded.
Ijyb closely misses you.
You barely miss Ijyb.
Ijyb is lightly wounded.
Ijyb closely misses you.
You barely miss Ijyb.
Ijyb is lightly wounded.
Ijyb barely misses you.
You hit Ijyb but do no damage. Your headbutt misses Ijyb.
Ijyb is lightly wounded.
Ijyb hits you with a +0 club.
You punch Ijyb!
Ijyb is moderately wounded.
Ijyb completely misses you.
You hit Ijyb but do no damage.
Ijyb is moderately wounded.
Ijyb zaps a wand.
The bolt of acid hits you!
You completely miss Ijyb.
Ijyb is moderately wounded.
Your transformation is almost over.
Ijyb zaps a wand.
The bolt of acid hits you!!
Ouch! That really hurt!
You die...

.... .##.# .........##
......... .......#
##..#..# #...#..#
.#..g.# ### .##..@.#
#<# #.##....#### .
#)##..##.#....... #.
#)#..# #.#...###.
#.#.###...####.#...###
#.#...#..##..........#
#.#.#.#..##.###..###.#
#.#.#....##)# #........
.........##.###.####.#.


You could see Ijyb.

Vanquished Creatures
  4 gnolls
  An adder (D:2)
  2 dart slugs (D:1)
  6 orcs
  4 ball pythons
  3 bats
  5 endoplasms
  3 giant cockroaches
  3 goblins
  4 hobgoblins
  2 jackals (D:1)
  3 frilled lizards
  3 kobolds (D:2)
  2 rats (D:1)
45 creatures vanquished.

Notes
Turn   | Place    | Note
-------+----------+-------------------------------------------
     0 | D:1      | cheesebisquit the Merfolk Transmuter began the quest for
                  | the Orb.
     0 | D:1      | Reached XP level 1. HP: 15/15 MP: 3/3
   260 | D:1      | Reached XP level 2. HP: 21/21 MP: 3/5
   596 | D:1      | Reached skill level 1 in Stealth
   599 | D:1      | Learned a level 2 spell: Wereblood
   723 | D:1      | Reached XP level 3. HP: 21/26 MP: 4/6
   931 | D:2      | Learned a level 3 spell: Spider Form
  1735 | D:3      | Reached XP level 4. HP: 11/33 MP: 7/7
  2289 | D:3      | Found a runed translucent door.
  2372 | D:3      | Noticed Ijyb
  2387 | D:3      | Killed from afar by Ijyb

Illustrated notes

Levels and vault maps discovered:
D:1:      dpeg_arrival_tiny_k, layout_basic
D:2:      layout_loops_cross, serial_rivers, chequers_serial_rivers_large_b,
          chequers_serial_rivers_small_a, chequers_serial_rivers_micro_b,
          chequers_serial_rivers_room_a, grunt_decor_cap
D:3:      layout_basic, tso_oasis_becter, mainiacjoe_overflow_alcove_4,
          ebering_ghost_sewer_f, uniq_sigmund, uniq_ijyb

Skill      XL: |  1  2  3 |
---------------+----------+-----
Dodging        | 3 |  3.6
Stealth        | 1 |  1.7
Transmutations | 3 |  3.5
Fighting       | 2 |  2.2
Unarmed Combat | |  3.7
Spellcasting   | |  2.5

Action                     |  1- 3 |  4- 6 || total
---------------------------+-------+-------++-------
  Melee: Unarmed           |    83 |    57 ||   140
         Headbutt          |    17 |     7 ||    24
         Punch             |     2 |       ||     2
   Cast: Beastly Appendage |    30 |    11 ||    41
    Use: Potion            |       |     1 ||     1
   Stab: Sleeping          |     4 |       ||     4
 Armour: Robe              |    11 |     4 ||    15
  Dodge: Dodged            |    55 |    55 ||   110
